 Dungeon Crawl Stone Soup version 0.28-a0-1524-ge72afd5fc6 (webtiles) character file.

Game seed: 2082310502705611365

877 horus123 the Magician (level 8, -8/55 HPs)
             Began as a Djinni Hedge Wizard on Jan 18, 2022.
             Was an Initiate of Makhleb.
             Mangled by Menkaure (24 damage)
             ... on level 5 of the Dungeon.
             The game lasted 00:12:20 (5863 turns).

horus123 the Magician (Djinni Hedge Wizard)         Turns: 5863, Time: 00:12:21

Health: -8/55      AC:  3    Str: 15    XL:     8   Next: 25%
Gold:   102        EV: 12    Int: 19    God:    Makhleb [......] SH:  0 Dex: 12

rFire   + + .      SeeInvis .   p - +2 dagger (elec)
rCold   x . .      Faith    +   (no shield)
rNeg    . . .      Spirit   .   b - +0 robe
rPois   ∞          Reflect  .   c - +1 hat
rElec   .          Harm     .   (no cloak)
rCorr   .          Rampage  .   (no gloves)
Will    .....                   (boots unavailable)
Stlth   ++........              d - amulet of faith
HPRegen 0.18/turn               n - +4 ring of protection
MPRegen 0.00/turn               o - +6 ring of strength

@: corroded, flying
A: sickness immunity, fire resistance 2, cold vulnerability 1, float, innate
caster, hp casting, extra vitality 1
a: Renounce Religion


You were on level 5 of the Dungeon.
You worshipped Makhleb.
Makhleb was noncommittal.
You visited 2 branches of the dungeon, and saw 7 of its levels.

You collected 102 gold pieces.

Inventory:

Hand Weapons
 a - a +0 dagger
 e - a +0 short sword of electrocution
 g - a +1 dagger of venom
 p - a +2 dagger of electrocution (weapon)
Armour
 b - a +0 robe (worn)
 c - a +1 hat (worn)
Jewellery
 d - an amulet of faith (around neck)
 n - a +4 ring of protection (left hand)
 o - a +6 ring of strength (right hand)
Wands
 q - a wand of flame (15)
 r - a wand of charming (6)
Scrolls
 i - a scroll of fear {unknown}
 l - 3 scrolls of brand weapon
 s - a scroll of vulnerability {unknown}
 t - a scroll of torment {unknown}
 u - a scroll of enchant armour
Potions
 f - 2 potions of heal wounds
 h - 4 potions of flight
 j - a potion of attraction {unknown}
 k - 2 potions of degeneration
 m - a potion of curing {unknown}


   Skills:
 - Level 2.5 Fighting
 - Level 2.1 Dodging
 - Level 1.5 Stealth
 + Level 6.9 Spellcasting


You had 3 spell levels left.
You knew the following spells:

 Your Spells              Type           Power      Damage    Failure   Level
a - Magic Dart            Conj           100%       1d8       1%          1
b - Blink                 Tloc           64%        N/A       1%          2
c - Call Imp              Summ           32%        N/A       1%          2
d - Slow                  Hex            100%       N/A       1%          1
e - Conjure Flame         Conj/Fire      32%        6-21      1%          3
f - Mephitic Cloud        Conj/Pois/Air  32%        N/A       1%          3
g - Apportation           Tloc           64%        N/A       1%          1
h - Poisonous Vapours     Pois/Air       64%        N/A       1%          2
i - Passwall              Tmut/Erth      26%        N/A       1%          2
Your spell library was empty.

Dungeon Overview and Level Annotations

Branches:
Dungeon (6/15)             Temple (1/1) D:6

Altars:
Ashenzari
Cheibriados
Dithmenos
Fedhas
Hepliaklqana
Kikubaaqudgha
Makhleb
Okawaru
Ru
Trog
Uskayaw
Vehumet
Xom
Zin

Annotations:
D:4 1 transporter
D:5 Menkaure


Innate Abilities, Weirdness & Mutations

You are immune to sickness and miasma.
You are immune to poison.
Your flesh is very heat resistant. (rF++)
You are vulnerable to cold. (rC-)
You float through the air rather than walking.
You learn spells naturally, not from books.
Your magical power is your life essence.
You have superior vitality. (+4 MHP)


Message History

The centaur skeleton kicks you but does no damage.
You hit the centaur skeleton.
You punch the centaur skeleton, but do no damage.
The centaur skeleton is severely damaged.
The centaur skeleton hits you.
The centaur skeleton closely misses you.
You hit the centaur skeleton.
The centaur skeleton is almost destroyed.
The centaur skeleton hits you. The centaur skeleton misses you.
You hit the centaur skeleton.
The centaur skeleton is almost destroyed.
The centaur skeleton barely misses you.
The centaur skeleton kicks you but does no damage.
You hit the centaur skeleton but do no damage.
The centaur skeleton is almost destroyed.
The centaur skeleton barely misses you.
The centaur skeleton closely misses you.
The centaur skeleton hits you.
The centaur skeleton kicks you but does no damage.
You hit the centaur skeleton but do no damage.
The centaur skeleton is almost destroyed.
The centaur skeleton barely misses you.
The centaur skeleton completely misses you.
You hit the centaur skeleton.
Lightning courses through the centaur skeleton!
You destroy the centaur skeleton!
Makhleb accepts your kill.
You hit Menkaure. Lightning courses through Menkaure!!
Menkaure is almost destroyed.
Menkaure misses you.
You barely miss Menkaure.
Menkaure is almost destroyed.
Menkaure calls on the powers of darkness!
Your body is wracked with pain!
* * * LOW HITPOINT WARNING * * *
Menkaure closely misses you.
You hit Menkaure but do no damage.
Menkaure is almost destroyed.
Menkaure hits you!!
You die...

#.......#..
.#.#..>....#.#
#.........#.#.#
###.#..M......#
# ##.##.#.#.#
#. #.#...# #.
#####.# #M #M#
## #@# #.# #.#
..# ###


You could see Menkaure (fast).

Vanquished Creatures
  A hornet (D:6)
  A necrophage (D:4)
  An ogre (D:4)
  A scorpion (D:6)
  A water moccasin skeleton (D:4)
  A jelly (D:5)
  2 hounds
  A centaur skeleton (D:5)
  An orc priest (D:3)
  An iguana (D:4)
  Jessica (D:3)
  Natasha (thrice) (D:3)
  4 adders
  2 worms (D:2)
  3 dart slugs
  8 orcs
  7 endoplasms
  5 giant cockroaches
  7 goblins
  3 hobgoblins (D:1)
  3 quokkas
  3 ball pythons
  3 bats
  9 frilled lizards
  5 kobolds
  6 rats
83 creatures vanquished.

Vanquished Creatures (collateral kills)
  An orc priest (D:3)
  A goblin (D:3)
2 creatures vanquished.

Grand Total: 85 creatures vanquished

Notes
Turn   | Place    | Note
-------+----------+-------------------------------------------
     0 | D:1      | horus123 the Djinni Hedge Wizard began the quest for the
                  | Orb.
     0 | D:1      | Reached XP level 1. HP: 15/15 MP: 0/0
   477 | D:1      | Reached XP level 2. HP: 20/21 MP: 0/0
   736 | D:1      | Reached skill level 3 in Spellcasting
  1021 | D:1      | Reached XP level 3. HP: 24/25 MP: 0/0
  1021 | D:1      | Learned a level 1 spell: Apportation
  1029 | D:1      | Reached skill level 1 in Fighting
  1880 | D:2      | Reached XP level 4. HP: 21/33 MP: 0/0
  2502 | D:2      | Found a faded altar of an unknown god.
  3516 | D:3      | Reached XP level 5. HP: 21/39 MP: 0/0
  3516 | D:3      | Learned a level 2 spell: Poisonous Vapours
  3729 | D:3      | Noticed Jessica
  3740 | D:3      | Killed Jessica
  3741 | D:3      | Reached skill level 4 in Spellcasting
  4162 | D:3      | Reached XP level 6. HP: 44/45 MP: 0/0
  4547 | D:3      | Noticed Natasha
  4551 | D:3      | Killed Natasha
  4692 | D:3      | Noticed Natasha
  4699 | D:3      | Killed Natasha
  5078 | D:3      | Noticed Natasha
  5083 | D:3      | Killed Natasha
  5227 | D:4      | Noticed a necrophage
  5233 | D:4      | Killed a necrophage
  5234 | D:4      | Reached skill level 5 in Spellcasting
  5234 | D:4      | Reached XP level 7. HP: 36/49 MP: 0/0
  5234 | D:4      | Learned a level 2 spell: Passwall
  5326 | D:4      | Found a transporter.
  5645 | D:4      | You are sucked into a shaft and drop 2 floors!
  5645 | D:6      | Found a staircase to the Ecumenical Temple.
  5665 | Temple   | Entered the Ecumenical Temple
  5783 | Temple   | Became a worshipper of Makhleb the Destroyer
  5822 | D:6      | Noticed a hornet
  5824 | D:6      | Reached skill level 6 in Spellcasting
  5833 | D:6      | Killed a hornet
  5834 | D:6      | Reached XP level 8. HP: 41/55 MP: 0/0
  5838 | D:5      | Entered Level 5 of the Dungeon
  5838 | D:5      | Noticed Menkaure
  5863 | D:5      | Mangled by Menkaure

Illustrated notes

Levels and vault maps discovered:
D:1:      psy_arrival_radial02, layout_basic, minmay_lizard_pond
D:2:      layout_loops_ring, shapermc_ecumenical_altar_hornbeckon,
          kennysheep_doodads, grunt_ministairs_4
D:3:      layout_basic, uniq_natasha, uniq_jessica
D:4:      layout_rooms, gammafunk_ghost_arena
D:5:      layout_basic, minmay_circle_x, uniq_menkaure, uniq_edmund,
          uniq_sigmund, uniq_eustachio
D:6:      layout_loops_ring, grunt_gozag_statues, temple_hall, serial_shops,
          shop_fountains, kennysheep_mini, shop
Temple:   eino_temple_scatter_basement

Skill      XL: |  1  2  3  4  5  6  7 |
---------------+----------------------+-----
Spellcasting   | 3 4 5 6 |  6.9
Fighting       | 2 |  2.5
Dodging        | |  2.1
Stealth        | |  1.5

Action                   |  1- 3 |  4- 6 |  7- 9 || total
-------------------------+-------+-------+-------++-------
Melee: Dagger            |     1 |    16 |    26 ||    43
       Short sword       |     1 |    16 |       ||    17
       Punch             |       |       |     2 ||     2
 Cast: Magic Dart        |    85 |   122 |    26 ||   233
       Call Imp          |       |     6 |       ||     6
       Poisonous Vapours |       |    10 |     5 ||    15
  Use: Scroll            |     2 |     5 |     1 ||     8
 Stab: Sleeping          |     1 |       |       ||     1
Armor: Robe              |       |    13 |     8 ||    21
Dodge: Dodged            |     4 |    48 |    33 ||    85

Table legend: (Time is in decaauts)
 A = Elapsed time spent in this place.
 B = Non-inter-level travel time spent in this place.
 C = Inter-level travel time spent in this place.
 D = Time resting spent in this place.
 E = Time spent auto-exploring this place.
 F = Levels seen in this place.
 G = Mean time per level.
                   A        B        C        D        E       F      G
               +--------+--------+--------+--------+--------+-----+--------+
         Total |   5866 |   5719 |    147 |   1511 |   3594 |   7 |  838.0 |
       Dungeon |   5734 |   5601 |    133 |   1511 |   3494 |   6 |  955.7 |
        Temple |    132 |    118 |     14 |      0 |    100 |   1 |  132.0 |
               +--------+--------+--------+--------+--------+-----+--------+

Top non-repeatable levels by time:
     D:2: 1850 daAuts
     D:3: 1754 daAuts
     D:1: 1609 daAuts
     D:4: 434 daAuts
  Temple: 132 daAuts
     D:6: 60 daAuts
     D:5: 24 daAuts
